BR (22 & UNDER)
PALMYRA OVERLORDS @ ATLANTIC CITY WAR DOGS
08/09/2030
 
TOP OF THE 1ST
Palmyra Overlords batting - Pitching for Atlantic City War Dogs : LHP Norberto Villaneda
Pitching: LHP Norberto Villaneda
Batting: SHB Bruno Ardinghi 0-0: Foul Ball, location: 2F
0-1: Ball
1-1: Foul Ball, location: 2F
1-2: Foul Ball, location: 2F
1-2: Ball
2-2: Fly out, F3 (Popup, 3SF)
Batting: LHB José Rodríguez 0-0: Swinging Strike
0-1: Called Strike
0-2: Ground out 4-3 (Groundball, 4)
Batting: LHB Howard Anderson 0-0: Fly out, F8 (Flyball, 8RD)
Top of the 1st over - 0 runs, 0 hits, 0 errors, 0 left on base; Palmyra 0 - Atlantic City 0
BOTTOM OF THE 1ST
Atlantic City War Dogs batting - Pitching for Palmyra Overlords : RHP Juan Vera
Pitching: RHP Juan Vera
Batting: RHB Roberto García 0-0: Called Strike
0-1: Called Strike
0-2: Foul Ball, location: 2F
0-2: Ball
1-2: Fly out, F8 (Flyball, 8RM)
Batting: RHB Ramón Romero 0-0: Ball
1-0: Fly out, F9 (Line Drive, 9)
Batting: SHB Xavier Stout 0-0: Hit by Pitch
Batting: RHB Hilton Knowles 0-0: Foul Ball, location: 2F
0-1: Foul Ball, location: 2F
0-2: Ball
1-2: SINGLE (Groundball, 34) (infield hit)
Xavier Stout to second
Batting: RHB Juan Sepúlveda 0-0: Ball
1-0: Foul Ball, location: 2F
1-1: Swinging Strike
1-2: Strikes out swinging
Bottom of the 1st over - 0 runs, 1 hit, 0 errors, 2 left on base; Palmyra 0 - Atlantic City 0
TOP OF THE 2ND
Palmyra Overlords batting - Pitching for Atlantic City War Dogs : LHP Norberto Villaneda
Batting: RHB Jesús Salazar 0-0: Swinging Strike
0-1: Ball
1-1: Ball
2-1: Ball
3-1: Swinging Strike
3-2: Base on Balls
Batting: LHB Claudio Arce 0-0: Ball
1-0: Ball
2-0: Ball
3-0: Called Strike
3-1: Base on Balls
Jesús Salazar to second
Batting: RHB Rafael Castro 0-0: Called Strike
0-1: Ball
1-1: Called Strike
Jesús Salazar steals 3rd base
Claudio Arce to second
1-2: SINGLE (Groundball, 4MD)
Jesús Salazar scores
Claudio Arce to third
Runner from 3rd tries for Home, SAFE, no throw
Batting: RHB Nate Fisher 0-0: Ball
Rafael Castro is caught stealing 2nd base
1-0: Foul Ball, location: 2F
1-1: Fly out, F8 (Flyball, 78D)
Batting: SHB José Hernández 0-0: Ball
1-0: Foul Ball, location: 2F
1-1: Called Strike
1-2: Strikes out looking
Top of the 2nd over - 2 runs, 1 hit, 0 errors, 0 left on base; Palmyra 2 - Atlantic City 0
BOTTOM OF THE 2ND
Atlantic City War Dogs batting - Pitching for Palmyra Overlords : RHP Juan Vera
Batting: LHB Jorge Trujillo 0-0: Called Strike
0-1: Swinging Strike
0-2: Ball
1-2: Strikes out swinging
Batting: RHB David Gallardo 0-0: Ball
1-0: Called Strike
1-1: Swinging Strike
1-2: Foul Ball, location: 2F
1-2: Strikes out swinging
Batting: LHB Stanton Moore 0-0: Fly out, F7 (Flyball, 7S)
Bottom of the 2nd over - 0 runs, 0 hits, 0 errors, 0 left on base; Palmyra 2 - Atlantic City 0
TOP OF THE 3RD
Palmyra Overlords batting - Pitching for Atlantic City War Dogs : LHP Norberto Villaneda
Batting: LHB Eusébio Magrio 0-0: Called Strike
0-1: SINGLE (Groundball, 3) (infield hit)
Batting: SHB Bruno Ardinghi 0-0: Ball
1-0: Fielders Choice at 2nd, 6-4 (Groundball, 6D)
Batting: LHB José Rodríguez 0-0: Called Strike
0-1: 2-RUN HOME RUN (Flyball, 7D), Distance : 365 ft
Batting: LHB Howard Anderson 0-0: Foul Ball, location: 2F
0-1: Ball
1-1: Swinging Strike
1-2: Foul Ball, location: 2F
1-2: Foul Ball, location: 2F
1-2: SOLO HOME RUN (Flyball, 9D), Distance : 377 ft
Batting: RHB Jesús Salazar 0-0: Ball
1-0: Called Strike
1-1: Ground out 6-3 (Groundball, 6)
Batting: LHB Claudio Arce 0-0: Foul Ball, location: 2F
0-1: Swinging Strike
0-2: Strikes out swinging
Top of the 3rd over - 3 runs, 3 hits, 0 errors, 0 left on base; Palmyra 5 - Atlantic City 0
BOTTOM OF THE 3RD
Atlantic City War Dogs batting - Pitching for Palmyra Overlords : RHP Juan Vera
Batting: LHB Chris Smith 0-0: Ball
1-0: DOUBLE (Line Drive, 9LD)
Batting: RHB Roberto García 0-0: Foul Ball, location: 2F
0-1: Swinging Strike
0-2: Ball
1-2: Foul Ball, location: 2F
1-2: DOUBLE (Line Drive, 7D)
Chris Smith scores
Batting: RHB Ramón Romero 0-0: Foul Ball, location: 2F
0-1: Swinging Strike
0-2: Ball
1-2: Ball
2-2: Ball
3-2: Ground out 1-3 (Groundball, 13S)
Roberto García to third
Batting: SHB Xavier Stout 0-0: Swinging Strike
0-1: Ball
1-1: Ground out 6-3 (Groundball, 6)
Roberto García scores
Batting: RHB Hilton Knowles 0-0: Called Strike
0-1: Fly out, F7 (Flyball, 7LM)
Bottom of the 3rd over - 2 runs, 2 hits, 0 errors, 0 left on base; Palmyra 5 - Atlantic City 2
TOP OF THE 4TH
Palmyra Overlords batting - Pitching for Atlantic City War Dogs : LHP Norberto Villaneda
Batting: RHB Rafael Castro 0-0: Ball
1-0: Foul Ball, location: 2F
1-1: Ball
2-1: SINGLE (Flyball, 7S)
Batting: RHB Nate Fisher 0-0: Called Strike
0-1: Ball
1-1: Foul Ball, location: 2F
1-2: Strikes out swinging
Batting: SHB José Hernández 0-0: Ball
1-0: Ball
2-0: Called Strike
2-1: Grounds into double play, 6-4-3 (Groundball, 6)
Top of the 4th over - 0 runs, 1 hit, 0 errors, 0 left on base; Palmyra 5 - Atlantic City 2
BOTTOM OF THE 4TH
Atlantic City War Dogs batting - Pitching for Palmyra Overlords : RHP Juan Vera
Batting: RHB Juan Sepúlveda 0-0: Called Strike
0-1: Fly out, F9 (Flyball, 89M)
Batting: LHB Jorge Trujillo 0-0: Ball
1-0: Fly out, F8 (Line Drive, 8LD)
Batting: RHB David Gallardo 0-0: Called Strike
0-1: Fly out, F8 (Flyball, 8RXD)
Bottom of the 4th over - 0 runs, 0 hits, 0 errors, 0 left on base; Palmyra 5 - Atlantic City 2
TOP OF THE 5TH
Palmyra Overlords batting - Pitching for Atlantic City War Dogs : LHP Norberto Villaneda
Batting: LHB Eusébio Magrio 0-0: Called Strike
0-1: Fly out, F7 (Flyball, 7LS)
Batting: SHB Bruno Ardinghi 0-0: Ball
1-0: Ball
2-0: Foul Ball, location: 2F
2-1: Ground out 5-3 (Groundball, 5)
Batting: LHB José Rodríguez 0-0: SINGLE (Line Drive, 6MD)
Batting: LHB Howard Anderson 0-0: Ball
1-0: Fly out, F7 (Flyball, 7)
Top of the 5th over - 0 runs, 1 hit, 0 errors, 1 left on base; Palmyra 5 - Atlantic City 2
BOTTOM OF THE 5TH
Atlantic City War Dogs batting - Pitching for Palmyra Overlords : RHP Juan Vera
Batting: LHB Stanton Moore 0-0: Ball
1-0: Ball
2-0: Foul Ball, location: 2F
2-1: Ball
3-1: SOLO HOME RUN (Flyball, 9LD), Distance : 373 ft
Batting: LHB Chris Smith 0-0: Fly out, F7 (Flyball, 7LS)
Batting: RHB Roberto García 0-0: Ball
1-0: Foul Ball, location: 2F
1-1: Ball
2-1: Ball
3-1: Fly out, F5 (Popup, 56)
Batting: RHB Ramón Romero 0-0: Foul Ball, location: 2F
0-1: Ball
1-1: Ball
2-1: Swinging Strike
2-2: Strikes out looking and he ARGUES THE CALL AND IS TOSSED!
Bottom of the 5th over - 1 run, 1 hit, 0 errors, 0 left on base; Palmyra 5 - Atlantic City 3
TOP OF THE 6TH
Palmyra Overlords batting - Pitching for Atlantic City War Dogs : LHP Norberto Villaneda
Now in CF: Luis Vińa
Batting: RHB Jesús Salazar 0-0: Ball
1-0: Ground out U3 (Groundball, 3S)
Batting: LHB Claudio Arce 0-0: Foul Ball, location: 2F
0-1: Foul Ball, location: 2F
0-2: Ball
1-2: Ball
2-2: Foul Ball, location: 2F
2-2: Ball
3-2: Foul Ball, location: 2F
3-2: SOLO HOME RUN (Flyball, 9LD), Distance : 367 ft
Pitching: RHP Ken Stanley
Batting: RHB Rafael Castro 0-0: Ball
1-0: Foul Ball, location: 2F
1-1: Called Strike
1-2: Ball
2-2: Fly out, F7 (Line Drive, 7)
Batting: RHB Nate Fisher 0-0: SINGLE (Flyball, 34D)
Batting: SHB José Hernández 0-0: Called Strike
0-1: Reached on error, E3 (Groundball, 34)
Nate Fisher to second
Batting: LHB Eusébio Magrio 0-0: Called Strike
0-1: Fly out, F6 (Flyball, 56D)
Top of the 6th over - 1 run, 2 hits, 1 error, 2 left on base; Palmyra 6 - Atlantic City 3
BOTTOM OF THE 6TH
Atlantic City War Dogs batting - Pitching for Palmyra Overlords : RHP Juan Vera
Batting: SHB Xavier Stout 0-0: Called Strike
0-1: Ball
1-1: Called Strike
1-2: Ball
2-2: Ball
3-2: Foul Ball, location: 2F
3-2: Fly out, F7 (Line Drive, 7)
Batting: RHB Hilton Knowles 0-0: Foul Ball, location: 2F
0-1: Foul Ball, location: 2F
0-2: Ball
1-2: Strikes out swinging
Batting: RHB Juan Sepúlveda 0-0: Called Strike
0-1: Ball
1-1: Foul Ball, location: 2F
1-2: Fly out, F9 (Line Drive, 89S)
Bottom of the 6th over - 0 runs, 0 hits, 0 errors, 0 left on base; Palmyra 6 - Atlantic City 3
TOP OF THE 7TH
Palmyra Overlords batting - Pitching for Atlantic City War Dogs : RHP Ken Stanley
Batting: SHB Bruno Ardinghi 0-0: Fly out, F9 (Flyball, 89M)
Batting: LHB José Rodríguez 0-0: Foul Ball, location: 2F
0-1: Called Strike
0-2: Ball
1-2: Foul Ball, location: 2F
1-2: Ball
2-2: SINGLE (Groundball, 56D)
Pitching: LHP Felipe Medrano
Batting: LHB Howard Anderson 0-0: Ball
1-0: Ball
José Rodríguez steals 2nd base
2-0: Intentional Walk
Pitching: RHP Bernardo Herrera
Batting: RHB Jesús Salazar 0-0: Ball
1-0: Called Strike
1-1: SINGLE (Flyball, 7LS)
José Rodríguez to third
Howard Anderson to second
Runner from 3rd tries for Home, SAFE, no throw
Batting: LHB Claudio Arce 0-0: Ground out U3 (Groundball, 34S)
Howard Anderson to third
Jesús Salazar to second
Batting: RHB Rafael Castro 0-0: Ball
1-0: Foul Ball, location: 2F
1-1: Ball
2-1: Foul Ball, location: 2F
2-2: Foul Ball, location: 2F
2-2: Strikes out swinging
Top of the 7th over - 1 run, 2 hits, 0 errors, 2 left on base; Palmyra 7 - Atlantic City 3
BOTTOM OF THE 7TH
Atlantic City War Dogs batting - Pitching for Palmyra Overlords : RHP Juan Vera
Batting: LHB Jorge Trujillo 0-0: Ground out 3-1 (Groundball, 34)
Batting: RHB David Gallardo 0-0: Foul Ball, location: 2F
0-1: Ground out 3-1 (Groundball, 34S)
Batting: LHB Stanton Moore 0-0: SINGLE (Groundball, 4MD)
Batting: LHB Chris Smith 0-0: Called Strike
0-1: 2-RUN HOME RUN (Flyball, 9LD), Distance : 371 ft
Pitching: RHP Ignacio Ramos
Batting: RHB Roberto García 0-0: Ball
1-0: Called Strike
1-1: Ball
2-1: Called Strike
2-2: Strikes out swinging
Bottom of the 7th over - 2 runs, 2 hits, 0 errors, 0 left on base; Palmyra 7 - Atlantic City 5
TOP OF THE 8TH
Palmyra Overlords batting - Pitching for Atlantic City War Dogs : RHP Bernardo Herrera
Batting: RHB Nate Fisher 0-0: Foul Ball, location: 2F
0-1: Foul Ball, location: 2F
0-2: SOLO HOME RUN (Flyball, 7D), Distance : 383 ft
Batting: SHB José Hernández 0-0: Fly out, F9 (Flyball, 9LM)
Batting: LHB Eusébio Magrio 0-0: Foul Ball, location: 2F
0-1: Foul Ball, location: 2F
0-2: Ball
1-2: Ball
2-2: Foul Ball, location: 2F
2-2: Strikes out swinging
Batting: SHB Bruno Ardinghi 0-0: Ball
1-0: SINGLE (Line Drive, 34D)
Batting: LHB José Rodríguez 0-0: Ball
1-0: Called Strike
1-1: Fly out, F7 (Flyball, 7LM)
Top of the 8th over - 1 run, 2 hits, 0 errors, 1 left on base; Palmyra 8 - Atlantic City 5
BOTTOM OF THE 8TH
Atlantic City War Dogs batting - Pitching for Palmyra Overlords : RHP Ignacio Ramos
Now at C: José Pérez
Batting: RHB Luis Vińa 0-0: Ball
1-0: Ball
2-0: Foul Ball, location: 2F
2-1: Foul Ball, location: 2F
2-2: Strikes out looking
Batting: SHB Xavier Stout 0-0: Fly out, F8 (Flyball, 8RD)
Batting: RHB Hilton Knowles 0-0: Foul Ball, location: 2F
0-1: Called Strike
0-2: Ball
1-2: Foul Ball, location: 2F
1-2: Fly out, F4 (Flyball, 34D)
Bottom of the 8th over - 0 runs, 0 hits, 0 errors, 0 left on base; Palmyra 8 - Atlantic City 5
TOP OF THE 9TH
Palmyra Overlords batting - Pitching for Atlantic City War Dogs : RHP Bernardo Herrera
Batting: LHB Howard Anderson 0-0: Ball
1-0: Ball
2-0: Called Strike
2-1: Foul Ball, location: 2F
2-2: Fly out, F7 (Flyball, 7S)
Batting: RHB Jesús Salazar 0-0: Swinging Strike
0-1: Ball
1-1: Foul Ball, location: 2F
1-2: Ball
2-2: Strikes out swinging
Batting: RHB José Pérez 0-0: Called Strike
0-1: Foul Ball, location: 2F
0-2: Ball
1-2: Foul Ball, location: 2F
1-2: Ground out 3-1 (Groundball, 34)
Top of the 9th over - 0 runs, 0 hits, 0 errors, 0 left on base; Palmyra 8 - Atlantic City 5
BOTTOM OF THE 9TH
Atlantic City War Dogs batting - Pitching for Palmyra Overlords : RHP Ignacio Ramos
Pitching: LHP Anthony Martínez
Batting: RHB Juan Sepúlveda 0-0: Ball
1-0: Foul Ball, location: 2F
1-1: Swinging Strike
1-2: Strikes out looking
Batting: LHB Jorge Trujillo 0-0: Ball
1-0: Ball
2-0: Called Strike
2-1: Foul Ball, location: 2F
2-2: Fly out, F9 (Flyball, 9)
Batting: RHB David Gallardo 0-0: Called Strike
0-1: Ball
1-1: Ball
2-1: Swinging Strike
2-2: SINGLE (Groundball, 6MD)
Batting: LHB Stanton Moore 0-0: Swinging Strike
0-1: Ball
1-1: Fly out, F1 (Popup, P)
Bottom of the 9th over - 0 runs, 1 hit, 0 errors, 1 left on base; Palmyra 8 - Atlantic City 5
Saturday, April 7th, 2018 - OOTP Baseball 18.8 Build 76